 Dungeon Crawl Stone Soup version 0.29-a0-472-ge5599a681e (webtiles) character file.

Game seed: 6984643697891299832

226 xian the Digger (level 5, -8/48 HPs)
             Began as a Troll Earth Elementalist on May 23, 2022.
             Killed by nerve-wracking pain
             ... invoked by an orc priest
              (13 damage)
             ... on level 4 of the Dungeon.
             The game lasted 00:13:13 (3138 turns).

xian the Digger (Troll Earth Elementalist)          Turns: 3138, Time: 00:13:14

Health: -8/48      AC:  4    Str: 16    XL:     5   Next: 69%
Magic:  13/15      EV: 10    Int: 13    God:
Gold:   181        SH:  0    Dex: 10    Spells: 1/7 levels left

rFire   . . .      SeeInvis .   p - +2 short sword (holy)
rCold   + . .      Faith    .   (no shield)
rNeg    . . .      Spirit   .   b - +0 robe
rPois   .          Reflect  .   (helmet restricted)
rElec   .          Harm     .   (no cloak)
rCorr   .          Rampage  .   (gloves unavailable)
Will    .....                   (boots unavailable)
Stlth   +.........              (no amulet)
HPRegen 0.96/turn               g - ring of magical power
MPRegen 0.14/turn               j - ring of protection from cold

@: confused
A: large, unfitting armour, claws 3, regeneration 1, shaggy fur 1, tough skin 1
a: no special abilities


You were on level 4 of the Dungeon.
You visited 1 branch of the dungeon, and saw 4 of its levels.

You collected 181 gold pieces.

Inventory:

Hand Weapons
 p - a +2 short sword of holy wrath (weapon)
Missiles
 a - 133 stones
 e - 4 atropa-tipped darts
Armour
 b - a +0 robe (worn)
Jewellery
 g - a ring of magical power (left claw)
 j - a ring of protection from cold (right claw)
Wands
 u - a wand of flame (3)
Scrolls
 l - 2 scrolls of torment
 q - a scroll of amnesia {unknown}
 r - a scroll of noise {unknown}
 t - a scroll of enchant armour {unknown}
 v - a scroll of vulnerability {unknown}
Potions
 c - a potion of magic
 f - 3 potions of mutation
 h - a potion of degeneration {unknown}
 i - a potion of resistance {unknown}
 k - 6 potions of curing
 m - a potion of invisibility {unknown}
 s - a potion of flight {unknown}


   Skills:
 + Level 1.0 Fighting
 + Level 1.7 Short Blades
 + Level 0.7 Polearms
 + Level 2.5 Dodging
 + Level 1.2 Stealth
 + Level 1.4 Unarmed Combat
 + Level 1.7 Spellcasting
 + Level 0.8 Transmutations
 + Level 3.4 Earth Magic


You had one spell level left.
You knew the following spells:

 Your Spells              Type           Power      Damage    Failure   Level
a - Sandblast             Erth           20%        2d7       6%          1
b - Passwall              Tmut/Erth      5%         N/A       17%         2
c - Stone Arrow           Conj/Erth      10%        3d7       36%         3

Your spell library contained the following spells:

 Spells                   Type           Power      Damage    Failure   Level
 Blink                    Tloc           2%         N/A       36%         2
 Lesser Beckoning         Tloc           1%         N/A       61%         3
 Petrify                  Tmut/Erth      6%         N/A       73%         4
 Manifold Assault         Tloc           1%         N/A       100%        5


Dungeon Overview and Level Annotations

Branches:
Dungeon (4/15)
 Temple: D:4-7

Altars:
Dithmenos
Elyvilon

Annotations:
D:4 Edmund


Innate Abilities, Weirdness & Mutations

You are too large for most types of armour.
You have claws for hands.
Your natural rate of healing is unusually fast.
You are covered in fur. (AC +1)
You have tough skin. (AC +1)


Message History

Deactivating autopickup; reactivate with Ctrl-A.
You hit the kobold.
The kobold is heavily wounded.
The kobold unwields a +0 hunting sling.
The kobold wields a +0 flail.
The kobold hits you but does no damage.
You puncture the kobold!
You kill the kobold!
A magic dart appears from out of thin air!
The magic dart hits you.
Items here: ( )) †.
Something hits you.
Items here: ( )) †.
You miss something. Something hits you but does no damage.
You closely miss something. Something hits you but does no damage.
Aiming: Sandblast (safe; 6% risk of failure)
Press: ? - help, Q - select action, (/) - cycle Shift-Dir - straight line The blast of sand hits something.
A ball python comes into view.
You hear some strange, mumbled words.
A puff of flame appears from out of thin air!
The puff of flame hits you.
Aiming: Sandblast (safe; 6% risk of failure)
Press: ? - help, Q - select action, (/) - cycle Shift-Dir - straight line The blast of sand hits something.
The ball python hisses angrily.
The orc priest shouts!
An orc comes into view. It is wielding a +0 trident.
You hear some strange, mumbled words.
A magic dart appears from out of thin air!
The magic dart hits you.
The orc priest mumbles some strange prayers to Beogh against you.
Beogh smites you!
* * * LOW HITPOINT WARNING * * *
Something hits you but does no damage. The ball python barely misses you.
You hear some strange, mumbled words.
You are confused.
The orc priest invokes the aid of Beogh against you.
Pain shoots through your body!
You die...

*, ############## **,
**#............# *,,
*,#............#***********,,
*,#............#,,,,,,,,,,*,,
*,#............#,********,*,,
*,#............#,**,,,,,,,',,
*****,#............#,##.,,,,*,*,,
,,,,,,#.........@..#....,,,,,,*,,
,,,,,.#..........S..o...,,,,,,*,,
,,,................#....,,,,,,,,,
,,,...........o))..#....,,,,,**,,
***#............s.......,,,,,,,,,
#>....###'###........,,,,,**,,
*.....###.# #(..^....,,,,,****
###..#.....###........,******,,
#............#........,* *,,


You could see a scorpion, an orc priest, an orc and a ball python.

Vanquished Creatures
  A hound (D:4)
  11 adders
  3 worms (D:2)
  4 orcs
  7 ball pythons
  5 endoplasms
  3 giant cockroaches
  7 goblins
  11 hobgoblins
  4 jackals (D:2)
  3 quokkas
  6 bats
  6 frilled lizards
  8 kobolds
  7 rats
86 creatures vanquished.

Vanquished Creatures (others)
  A plant (D:2)
1 creature vanquished.

Grand Total: 87 creatures vanquished

Notes
Turn   | Place    | Note
-------+----------+-------------------------------------------
     0 | D:1      | xian the Troll Earth Elementalist began the quest for the
                  | Orb.
     0 | D:1      | Reached XP level 1. HP: 16/16 MP: 1/1
     8 | D:1      | Found a faded altar of an unknown god.
   136 | D:1      | Reached skill level 3 in Earth Magic
   136 | D:1      | Reached XP level 2. HP: 24/24 MP: 3/3
   276 | D:1      | Learned a level 2 spell: Passwall
   730 | D:2      | Reached XP level 3. HP: 30/31 MP: 4/4
   773 | D:2      | Reached skill level 1 in Unarmed Combat
  1251 | D:2      | Reached XP level 4. HP: 4/40 MP: 5/5
  2192 | D:3      | Found a shadowy altar of Dithmenos.
  2193 | D:3      | Found a white marble altar of Elyvilon.
  2339 | D:3      | Reached XP level 5. HP: 46/46 MP: 6/6
  2343 | D:3      | Learned a level 3 spell: Stone Arrow
  2511 | D:3      | Reached skill level 1 in Short Blades
  2986 | D:4      | Reached skill level 1 in Fighting
  3080 | D:4      | Noticed Edmund
  3135 | D:4      | HP: 2/48 [orc priest/divine providence (13)]
  3138 | D:4      | Killed from afar by an orc priest

Illustrated notes

Levels and vault maps discovered:
D:1:      lemuel_arrival_hallway, layout_rooms, basic_ecumenical_altar,
          due_unseen_surprise
D:2:      layout_basic, serial_rivers, chequers_serial_rivers_room_a,
          chequers_serial_rivers_large_b, chequers_serial_rivers_small_3,
          chequers_serial_rivers_micro_a, chequers_serial_rivers_small_b,
          chequers_big_river
D:3:      layout_loops_cross, minitemple
D:4:      layout_basic, mainiacjoe_overflow_concentric_impassable,
          yredelemnul_forgotten_temple_becter, minmay_mini_ossuary, uniq_edmund

Skill      XL: |  1  2  3  4  5 |
---------------+----------------+-----
Earth Magic    | 3 |  3.4
Dodging        | 2 |  2.5
Unarmed Combat | 1 |  1.4
Short Blades   | 1 |  1.7
Fighting       | 1 |  1.0
Polearms       | |  0.7
Stealth        | |  1.2
Spellcasting   | |  1.7
Transmutations | |  0.8

Action                   |  1- 3 |  4- 6 || total
-------------------------+-------+-------++-------
Melee: Unarmed           |    57 |       ||    57
       Punch             |     2 |     1 ||     3
       Spear             |   124 |       ||   124
       Short sword       |       |   140 ||   140
 Cast: Sandblast         |     9 |    27 ||    36
       Passwall          |     2 |       ||     2
  Use: Scroll            |       |     5 ||     5
       Potion            |       |     1 ||     1
Armor: Robe              |    97 |    71 ||   168
Dodge: Dodged            |   129 |   115 ||   244

Table legend: (Time is in decaauts)
 A = Elapsed time spent in this place.
 B = Non-inter-level travel time spent in this place.
 C = Inter-level travel time spent in this place.
 D = Time resting spent in this place.
 E = Time spent auto-exploring this place.
 F = Levels seen in this place.
 G = Mean time per level.
                   A        B        C        D        E       F      G
               +--------+--------+--------+--------+--------+-----+--------+
         Total |   3213 |   3168 |     45 |     27 |   1934 |   4 |  803.2 |
       Dungeon |   3213 |   3168 |     45 |     27 |   1934 |   4 |  803.2 |
               +--------+--------+--------+--------+--------+-----+--------+

Top non-repeatable levels by time:
     D:2: 1490 daAuts
     D:3: 815 daAuts
     D:1: 648 daAuts
     D:4: 260 daAuts
